 Dungeon Crawl Stone Soup version 0.31-a0-1278-g11c5b68f87 (webtiles) character file.

Game seed: 9070784132426376244

47 grandjackal the Ducker (level 3, 0/28 HPs)
             Began as a Demonspawn Gladiator on Dec 17, 2023.
             Succumbed to a kobold's poison
             ... on level 2 of the Dungeon.
             The game lasted 00:01:19 (1097 turns).

grandjackal the Ducker (Demonspawn Gladiator)       Turns: 1097, Time: 00:01:19

Health: 0/28       AC:  6    Str: 16    XL:     3   Next: 48%
Magic:  3/3        EV: 11    Int:  8    God:
Gold:   54         SH:  0    Dex: 14    Spells: 2/2 levels left

rFire   . . .        a - +0 long sword
rCold   . . .        (no shield)
rNeg    . . .        g - +0 ring mail
rPois   .            c - +0 helmet
rElec   .            (no cloak)
rCorr   .            (no gloves)
SInv    .            (no boots)
Will    .....        (no amulet)
Stlth   +            (no ring)
HPRegen 0.24/turn    (no ring)
MPRegen 0.08/turn

%: no passive effects
@: lethally poisoned (0 -> -5)
A: demonic touch 1
a: no special abilities


You were on level 2 of the Dungeon.
You visited 1 branch of the dungeon, and saw 3 of its levels.

You collected 54 gold pieces.

Inventory:

Hand Weapons
 a - a +0 long sword (weapon)
Missiles
 d - 3 throwing nets (quivered)
 e - a javelin
Armour
 c - a +0 helmet (worn)
 g - a +0 ring mail (worn)
Scrolls
 b - a scroll of identify {unknown}
 f - 2 scrolls of noise {unknown}


   Skills:
 + Level 2.8 Fighting
 - Level 3.0 Long Blades
 - Level 2.0 Throwing
 - Level 3.0 Dodging
 + Level 1.1 Unarmed Combat


You had 2 spell levels left.
You didn't know any spells.
Your spell library contained the following spells:

 Spells                   Type           Power      Damage    Failure   Level
 Summon Small Mammal      Summ           0%         N/A       63%         1
 Call Canine Familiar     Summ           0%         N/A       94%         3
 Summon Guardian Golem    Hex/Summ       0%         N/A       94%         3


Dungeon Overview and Level Annotations

Branches:
Dungeon (3/15)

Altars:


Innate Abilities, Weirdness & Mutations

Your touch may inflict minor irresistible damage on your foes.


Message History

The bat closely misses you. The bat hits you but does no damage. x3
The kobold hits you but does no damage.
You are more poisoned.
You barely miss the kobold.
You feel very sick. The bat hits you but does no damage.
The bat barely misses you.
The kobold hits you with a +2 short sword of venom.
You are more poisoned.
You closely miss the kobold.
You feel very sick. The bat hits you but does no damage. x2
The kobold hits you but does no damage. The ball python closely misses you.
The ball python misses you.
The kobold hits you with a +2 short sword of venom.
Unknown command.
You aren't carrying any potions.
You hit the kobold.
You kill the kobold!
* * * LOW HITPOINT WARNING * * *
You feel very sick. The bat closely misses you.
The bat hits you but does no damage. The ball python barely misses you.
The ball python completely misses you. The bat hits you but does no damage.
The ball python closely misses you. The ball python barely misses you.
You hit the ball python. Your touch misses the ball python.
The ball python is moderately wounded.
* * * LOW HITPOINT WARNING * * *
You feel very sick.
The bat hits you but does no damage. x2; The bat barely misses you.
The ball python bites you but does no damage.
The ball python grabs you. The ball python constricts you.
The bat closely misses you.
You hit the ball python.
You kill the ball python!
* * * LOW HITPOINT WARNING * * *
You feel very sick. The bat hits you.
* * * LOW HITPOINT WARNING * * *
The bat misses you.
You die...

#. ## #. .. .. .#
#. .# ## #.
##.#".. ##.
#.##....
.....#.#.)###.#
#.....>.@....# ##
........b.b.#...#
###.
#.).........# .
##...
#.|.........#
##..##
##............
#..##.
#............#
##.##..
#..............
#..#...
#..<.......^...
#.##... ##.#...#


You could see 2 bats.

Vanquished Creatures
  2 worms
  3 ball pythons
  An endoplasm (D:3)
  2 giant cockroaches (D:1)
  3 goblins (D:2)
  3 hobgoblins
  6 jackals
  4 kobolds
  4 quokkas
  2 bats (D:2)
  A frilled lizard (D:1)
  3 rats
34 creatures vanquished.

Notes
Turn   | Place    | Note
-------+----------+-------------------------------------------
     0 | D:1      | grandjackal the Demonspawn Gladiator began the quest for
                  | the Orb.
     0 | D:1      | Reached XP level 1. HP: 16/16 MP: 1/1
   155 | D:1      | Discovered your monstrous ancestry.
   155 | D:1      | Gained mutation: Your touch may inflict minor irresistible
                  | damage on your foes. [demonic ancestry]
   155 | D:1      | Reached XP level 2. HP: 22/22 MP: 2/2
   778 | D:2      | Reached XP level 3. HP: 25/28 MP: 3/3
   870 | D:2      | Reached skill level 1 in Unarmed Combat
  1096 | D:2      | HP: 1/28 [bat (1)]
  1097 | D:2      | Succumbed to a kobold's poison

Illustrated notes

Levels and vault maps discovered:
D:1:      dpeg_arrival_refuge, layout_loops_ring
D:2:      minmay_evil_eye, layout_rooms, minmay_tromino_i4, uniq_jessica
D:3:      layout_basic, nicolae_ru_sacrificial_ziggurat, st_stairs_9

Skill      XL: |  1  2  3 |
---------------+----------+-----
Throwing       | 2 |  2.0
Long Blades    | 3 |  3.0
Dodging        | 3 |  3.0
Unarmed Combat | 1 |  1.1
Fighting       | |  2.8

Action                     || total
---------------------------++-------
  Melee: Long sword        ||    85
         Touch             ||     9
 Armour: Ring mail         ||    68
         Leather armour    ||     2
  Dodge: Dodged            ||    85

Table legend: (Time is in decaauts)
 A = Elapsed time spent in this place.
 B = Non-inter-level travel time spent in this place.
 C = Inter-level travel time spent in this place.
 D = Time resting spent in this place.
 E = Time spent auto-exploring this place.
 F = Levels seen in this place.
 G = Mean time per level.
                   A        B        C        D        E       F      G
               +--------+--------+--------+--------+--------+-----+--------+
         Total |   1118 |   1096 |     22 |     59 |    825 |   3 |  372.7 |
       Dungeon |   1118 |   1096 |     22 |     59 |    825 |   3 |  372.7 |
               +--------+--------+--------+--------+--------+-----+--------+

Top non-repeatable levels by time:
     D:1: 741 daAuts
     D:2: 307 daAuts
     D:3: 69 daAuts
